PAA
HELENA GRIZZLIES @ SUN PRAIRIE SWALLOWS
08/15/2023
 
TOP OF THE 1ST
Helena Grizzlies batting - Pitching for Sun Prairie Swallows : LHP Phil Miles
Pitching: LHP Phil Miles
Batting: LHB Tom Cotton 0-0: Foul Ball, location: 2F
0-1: Ball
1-1: Ball
2-1: Foul Ball, location: 2F
2-2: Ground out 1-3 (Groundball, 13S)
Batting: RHB Miguel Rosales 0-0: Ground out 6-3 (Groundball, 6D)
Batting: RHB Álex Estrada 0-0: Called Strike
0-1: Fly out, F5 (Line Drive, 5S)
Top of the 1st over - 0 run(s), 0 hit(s), 0 error(s), 0 left on base; Helena 0 - Sun Prairie 0
BOTTOM OF THE 1ST
Sun Prairie Swallows batting - Pitching for Helena Grizzlies : RHP Manuel Pader
Pitching: RHP Manuel Pader
Batting: RHB José Silva 0-0: Called Strike
0-1: Ground out 4-3 (Groundball, 4)
Batting: RHB Bob Wilson 0-0: Ball
1-0: Ball
2-0: Foul Ball, location: 2F
2-1: Foul Ball, location: 2F
2-2: Fly out, F8 (Popup, 6MD)
Batting: RHB Luis Tapia 0-0: Ball
1-0: Called Strike
1-1: Ball
2-1: Fly out, F5 (Popup, 5)
Bottom of the 1st over - 0 run(s), 0 hit(s), 0 error(s), 0 left on base; Helena 0 - Sun Prairie 0
TOP OF THE 2ND
Helena Grizzlies batting - Pitching for Sun Prairie Swallows : LHP Phil Miles
Batting: RHB Gonzalo Sánchez 0-0: Ground out 2-3 (Groundball, 23)
Batting: LHB Miguel Zúñiga 0-0: Called Strike
0-1: Foul Ball, location: 2F
0-2: Ground out 4-3 (Groundball, 34)
Batting: RHB Dusty Childress 0-0: Swinging Strike
0-1: Called Strike
0-2: Foul Ball, location: 2F
0-2: Ball
1-2: DOUBLE (Flyball, 78D)
Batting: LHB Andrew Palmer 0-0: Called Strike
0-1: Ground out U3 (Groundball, 3S)
Top of the 2nd over - 0 run(s), 1 hit(s), 0 error(s), 1 left on base; Helena 0 - Sun Prairie 0
BOTTOM OF THE 2ND
Sun Prairie Swallows batting - Pitching for Helena Grizzlies : RHP Manuel Pader
Batting: LHB Bobby Moore 0-0: Ball
1-0: Ground out 4-3 (Groundball, 4S)
Batting: RHB Matías Torrella 0-0: Ball
1-0: Fly out, F8 (Line Drive, 8LD)
Batting: RHB Darby Carveth 0-0: Ball
1-0: Ball
2-0: Foul Ball, location: 2F
2-1: Foul Ball, location: 2F
2-2: Strikes out swinging
Bottom of the 2nd over - 0 run(s), 0 hit(s), 0 error(s), 0 left on base; Helena 0 - Sun Prairie 0
TOP OF THE 3RD
Helena Grizzlies batting - Pitching for Sun Prairie Swallows : LHP Phil Miles
Batting: RHB Gaston Waller 0-0: Ball
1-0: Ball
2-0: Ball
3-0: Base on Balls
Batting: RHB Jorge Arreola 0-0: Ground out 3-1 (Groundball, 34S)
Gaston Waller to second
Batting: LHB Tom Cotton 0-0: Called Strike
0-1: Ground out 5-3 (Groundball, 56S)
Gaston Waller to third
Batting: RHB Miguel Rosales 0-0: Foul Ball, location: 2F
0-1: Swinging Strike
0-2: Strikes out looking
Top of the 3rd over - 0 run(s), 0 hit(s), 0 error(s), 1 left on base; Helena 0 - Sun Prairie 0
BOTTOM OF THE 3RD
Sun Prairie Swallows batting - Pitching for Helena Grizzlies : RHP Manuel Pader
Batting: RHB Scott Forrest 0-0: SINGLE (Line Drive, 7S)
Batting: RHB Reece White 0-0: Ball
1-0: Ball
2-0: Fly out, F4 (Popup, 34)
Batting: SHB Aurelio Costello 0-0: Called Strike
0-1: Ball
1-1: Ball
Wild Pitch!
Scott Forrest to second
2-1: Ball
3-1: Base on Balls
Batting: RHB José Silva 0-0: Fly out, F7 (Flyball, 78M)
Batting: RHB Bob Wilson 0-0: Ground out 5-3 (Groundball, 56)
Bottom of the 3rd over - 0 run(s), 1 hit(s), 0 error(s), 2 left on base; Helena 0 - Sun Prairie 0
TOP OF THE 4TH
Helena Grizzlies batting - Pitching for Sun Prairie Swallows : LHP Phil Miles
Batting: RHB Álex Estrada 0-0: Ball
1-0: Called Strike
1-1: Ball
2-1: SINGLE (Groundball, 5D)
Batting: RHB Gonzalo Sánchez 0-0: SINGLE (Groundball, 3L)
Álex Estrada to second
Runner from 2nd tries for 3rd, SAFE, throw made to third
Batting: LHB Miguel Zúñiga 0-0: Swinging Strike
0-1: Ball
1-1: Ball
2-1: Called Strike
2-2: Foul Ball, location: 2F
2-2: Fly out, F4 (Line Drive, 4MS)
Batting: RHB Dusty Childress 0-0: Ball
1-0: Called Strike
1-1: Swinging Strike
1-2: TRIPLE (Groundball, 5L)
Álex Estrada scores
Gonzalo Sánchez scores
Batting: LHB Andrew Palmer 0-0: Ball
1-0: Ground out 1-3 (Groundball, 13)
Batting: RHB Gaston Waller 0-0: Swinging Strike
0-1: Ball
1-1: Foul Ball, location: 2F
1-2: Ball
2-2: Foul Ball, location: 2F
2-2: Fly out, F9 (Flyball, 89M)
Top of the 4th over - 2 run(s), 3 hit(s), 0 error(s), 1 left on base; Helena 2 - Sun Prairie 0
BOTTOM OF THE 4TH
Sun Prairie Swallows batting - Pitching for Helena Grizzlies : RHP Manuel Pader
Batting: RHB Luis Tapia 0-0: Ball
1-0: Ball
2-0: Ball
3-0: Called Strike
3-1: Ground out 5-3 (Groundball, 5S)
Batting: LHB Bobby Moore 0-0: Ground out 1-3 (Groundball, 15)
Batting: RHB Matías Torrella 0-0: Ball
1-0: Called Strike
1-1: Ground out 1-3 (Groundball, 13)
Bottom of the 4th over - 0 run(s), 0 hit(s), 0 error(s), 0 left on base; Helena 2 - Sun Prairie 0
TOP OF THE 5TH
Helena Grizzlies batting - Pitching for Sun Prairie Swallows : LHP Phil Miles
Batting: RHB Jorge Arreola 0-0: Foul Ball, location: 2F
0-1: Foul Ball, location: 2F
0-2: Strikes out looking
Batting: LHB Tom Cotton 0-0: Ball
1-0: Ball
2-0: Fly out, F7 (Flyball, 78M)
Batting: RHB Miguel Rosales 0-0: Ground out U3 (Groundball, 3S)
Top of the 5th over - 0 run(s), 0 hit(s), 0 error(s), 0 left on base; Helena 2 - Sun Prairie 0
BOTTOM OF THE 5TH
Sun Prairie Swallows batting - Pitching for Helena Grizzlies : RHP Manuel Pader
Batting: RHB Darby Carveth 0-0: Fly out, F8 (Flyball, 8LXD)
Batting: RHB Scott Forrest 0-0: Ball
1-0: Fly out, F9 (Flyball, 9LD)
Batting: RHB Reece White 0-0: Called Strike
0-1: Ball
1-1: Ground out 6-3 (Groundball, 56)
Bottom of the 5th over - 0 run(s), 0 hit(s), 0 error(s), 0 left on base; Helena 2 - Sun Prairie 0
TOP OF THE 6TH
Helena Grizzlies batting - Pitching for Sun Prairie Swallows : LHP Phil Miles
Batting: RHB Álex Estrada 0-0: Called Strike
0-1: Ball
1-1: Ball
2-1: Foul Ball, location: 2F
2-2: Ground out 5-3 (Groundball, 56)
Batting: RHB Gonzalo Sánchez 0-0: Fly out, F8 (Flyball, 8LS)
Batting: LHB Miguel Zúñiga 0-0: Called Strike
0-1: Swinging Strike
0-2: Strikes out swinging
Top of the 6th over - 0 run(s), 0 hit(s), 0 error(s), 0 left on base; Helena 2 - Sun Prairie 0
BOTTOM OF THE 6TH
Sun Prairie Swallows batting - Pitching for Helena Grizzlies : RHP Manuel Pader
Batting: SHB Aurelio Costello 0-0: Foul Ball, location: 2F
0-1: Ball
1-1: Ball
2-1: Ball
3-1: Foul Ball, location: 2F
3-2: Base on Balls
Batting: RHB José Silva 0-0: Ball
1-0: Called Strike
1-1: Bunt missed!
1-2: SINGLE (Line Drive, 34D)
Aurelio Costello to second
Batting: RHB Bob Wilson 0-0: Ball
1-0: Sac Bunt - play at third, runner OUT! 1-5
José Silva to second
Batting: RHB Luis Tapia 0-0: Grounds into double play, 5-4-3 (Groundball, 5)
Bottom of the 6th over - 0 run(s), 1 hit(s), 0 error(s), 1 left on base; Helena 2 - Sun Prairie 0
TOP OF THE 7TH
Helena Grizzlies batting - Pitching for Sun Prairie Swallows : LHP Phil Miles
Batting: RHB Dusty Childress 0-0: Ball
1-0: Ground out 4-3 (Groundball, 4)
Batting: LHB Andrew Palmer 0-0: Ball
1-0: Ball
2-0: Fly out, F8 (Flyball, 8LM)
Batting: RHB Gaston Waller 0-0: Called Strike
0-1: Ball
1-1: Swinging Strike
1-2: Strikes out looking
Top of the 7th over - 0 run(s), 0 hit(s), 0 error(s), 0 left on base; Helena 2 - Sun Prairie 0
BOTTOM OF THE 7TH
Sun Prairie Swallows batting - Pitching for Helena Grizzlies : RHP Manuel Pader
Batting: LHB Bobby Moore 0-0: Ball
1-0: Called Strike
1-1: Ground out 6-3 (Groundball, 6)
Batting: RHB Matías Torrella 0-0: Ground out 5-3 (Groundball, 5S)
Batting: RHB Darby Carveth 0-0: Called Strike
0-1: Foul Ball, location: 2F
0-2: Ball
1-2: Fly out, F9 (Flyball, 9LSF)
Bottom of the 7th over - 0 run(s), 0 hit(s), 0 error(s), 0 left on base; Helena 2 - Sun Prairie 0
TOP OF THE 8TH
Helena Grizzlies batting - Pitching for Sun Prairie Swallows : LHP Phil Miles
Batting: RHB Jorge Arreola 0-0: Ground out 3-1 (Groundball, 34)
Batting: LHB Tom Cotton 0-0: Called Strike
0-1: Ball
1-1: SINGLE (Flyball, 8RS)
Batting: RHB Miguel Rosales 0-0: Called Strike
0-1: Ball
1-1: Ball
2-1: Ball
3-1: Fly out, F9 (Flyball, 9S)
Batting: RHB Álex Estrada 0-0: Called Strike
0-1: Swinging Strike
0-2: Ball
1-2: Ball
2-2: Ball
3-2: Foul Ball, location: 2F
3-2: Strikes out swinging
Top of the 8th over - 0 run(s), 1 hit(s), 0 error(s), 1 left on base; Helena 2 - Sun Prairie 0
BOTTOM OF THE 8TH
Sun Prairie Swallows batting - Pitching for Helena Grizzlies : RHP Manuel Pader
Batting: RHB Scott Forrest 0-0: Ball
1-0: Fly out, F9 (Flyball, 9LD)
Batting: RHB Reece White 0-0: Called Strike
0-1: Ball
1-1: Ball
2-1: Ground out 6-3 (Groundball, 6MS)
Batting: SHB Aurelio Costello 0-0: Called Strike
0-1: Ball
1-1: Foul Ball, location: 2F
1-2: Strikes out swinging
Bottom of the 8th over - 0 run(s), 0 hit(s), 0 error(s), 0 left on base; Helena 2 - Sun Prairie 0
TOP OF THE 9TH
Helena Grizzlies batting - Pitching for Sun Prairie Swallows : LHP Phil Miles
Pitching: RHP Josh Parker
Batting: RHB Gonzalo Sánchez 0-0: Ball
1-0: Foul Ball, location: 2F
1-1: Swinging Strike
1-2: Strikes out swinging
Batting: LHB Miguel Zúñiga 0-0: Called Strike
0-1: Called Strike
0-2: Ball
1-2: Ground out 4-3 (Groundball, 4)
Batting: RHB Dusty Childress 0-0: Ball
1-0: Foul Ball, location: 2F
1-1: SOLO HOME RUN (Line Drive, 8LXD), Distance : 451 ft
Batting: LHB Andrew Palmer 0-0: Called Strike
0-1: Ball
1-1: Fly out, F7 (Flyball, 7M)
Top of the 9th over - 1 run(s), 1 hit(s), 0 error(s), 0 left on base; Helena 3 - Sun Prairie 0
BOTTOM OF THE 9TH
Sun Prairie Swallows batting - Pitching for Helena Grizzlies : RHP Manuel Pader
Batting: RHB José Silva 0-0: Called Strike
0-1: Called Strike
0-2: Ball
1-2: Ball
2-2: Ground out 6-3 (Groundball, 6)
Batting: RHB Bob Wilson 0-0: Ball
1-0: Ball
2-0: Called Strike
2-1: Ground out 6-3 (Groundball, 6)
Batting: RHB Luis Tapia 0-0: Ball
1-0: Called Strike
1-1: Foul Ball, location: 2F
1-2: SOLO HOME RUN (Line Drive, 7D), Distance : 412 ft
Pitching: RHP Jim Unknown
Batting: LHB Bobby Moore 0-0: Ball
1-0: Foul Ball, location: 2F
1-1: SINGLE (Line Drive, 7S)
Pinch Hitting: LHB Jim Unknown 0-0: Ball
1-0: Swinging Strike
1-1: Ball
2-1: Ball
3-1: Called Strike
3-2: DOUBLE (Line Drive, 78D)
Bobby Moore to third
Bobby Moore scores
Pinch Hitting: SHB Chris Murray 0-0: Called Strike
0-1: Ball
1-1: Swinging Strike
1-2: Ball
2-2: Foul Ball, location: 2F
2-2: Ball
3-2: Fly out, F6 (Line Drive, 6M)
Bottom of the 9th over - 2 run(s), 3 hit(s), 0 error(s), 1 left on base; Helena 3 - Sun Prairie 2
This league is powered by Out of the Park Baseball, the baseball management simulation game for PC, Mac and Linux
Friday, July 8th, 2016 - OOTP Baseball 16.9 Build 39